 Dungeon Crawl Stone Soup version 0.27-a0-906-g0a00ce863d (webtiles) character file.

Game seed: 2000292676645680223

74 Lanoc the Insei (level 4, -3/29 HPs)
             Began as a Vampire Transmuter on Apr 7, 2021.
             Slain by an orc priest
             ... wielding a +0 club
              (5 damage)
             ... on level 3 of the Dungeon.
             The game lasted 00:03:03 (2062 turns).

Lanoc the Insei (Vampire Transmuter)                Turns: 2062, Time: 00:03:03

Health: -3/29      AC:  3    Str:  9    XL:     4   Next: 10%
Magic:  2/7        EV: 13    Int: 16    God:
Gold:   66         SH:  0    Dex: 14    Spells: 4/7 levels left

rFire    . . .     SeeInvis +     - Unarmed
rCold    . . .     Faith    .   (no shield)
rNeg     . . .     Spirit   .   a - +0 robe
rPois    .         Reflect  .   (helmet currently unavailable)
rElec    .         Harm     .   d - +0 cloak
rCorr    .         Rampage  .   (no gloves)
Will     .....                  (boots currently unavailable)
Stlth    +.........             e - amulet of regeneration
HPRegen  1.29/turn              (no ring)
MPRegen  0.10/turn              (no ring)

@: appendages, wereblooded, attractive, flying, regenerating quickly
A: horns 2, talons 2, alive, fangs 3, see invisible, unbreathing 1, vampiric 2,
[frail 1]
a: Exsanguinate, End Transformation


You were on level 3 of the Dungeon.
You had temporarily grown beastly horns and talons.
You visited 1 branch of the dungeon, and saw 3 of its levels.

You collected 66 gold pieces.

Inventory:

Armour
 a - a +0 robe (worn)
 d - a +0 cloak (worn)
Jewellery
 e - an amulet of regeneration (around neck)
Scrolls
 b - 2 scrolls of acquirement {unknown}
 c - a scroll of identify {unknown}
 i - 2 scrolls of vulnerability {unknown}
 j - 2 scrolls of teleportation {unknown}
 l - a scroll of blinking {unknown}
 m - a scroll of noise {unknown}
 n - a scroll of immolation {unknown}
 o - a scroll of magic mapping {unknown}
Potions
 g - a potion of cancellation
 k - a potion of attraction


   Skills:
 + Level 1.7 Fighting
 + Level 2.9 Dodging
 * Level 4.3 Unarmed Combat
 - Level 2.0 Spellcasting
 + Level 2.9 Transmutations


You had 4 spell levels left.
You knew the following spells:

 Your Spells              Type           Power      Damage    Failure   Level
g - Wereblood             Tmut           11%        N/A       10%         2
h - Beastly Appendage     Tmut           22%        N/A       6%          1

Your spell library contained the following spells:

 Spells                   Type           Power      Damage    Failure   Level
 Spider Form              Tmut/Pois      3%         N/A       34%         3
 Ice Form                 Ice/Tmut       6%         N/A       75%         4
 Hydra Form               Tmut           5%         N/A       86%         5


Dungeon Overview and Level Annotations

Branches:
Dungeon (3/15)

Altars:

Shops:
D:1 *


Innate Abilities, Weirdness & Mutations

You have temporarily grown beastly horns and talons.
Your natural rate of healing is unusually fast.
You have razor-sharp teeth.
You have supernaturally acute eyesight. (SInv)
You can survive without breathing.
You are afflicted with vampirism and can become a bat while bloodless.
[You are frail. (-10% HP)]


Message History

* * * LOW HITPOINT WARNING * * *
You are too injured to fight recklessly!
It was a potion of curing.
You feel better. The orc priest misses you.
You hit the orc priest.
The orc priest is lightly wounded.
The orc priest invokes the aid of Beogh against you.
Pain shoots through your body!
The orc priest invokes the aid of Beogh against you.
Beogh smites you!
Ouch! That really hurt!
* * * LOW HITPOINT WARNING * * *
You feel better. The orc priest hits you with a +0 club.
It was a potion of cancellation.
Your magical effects are unravelling.
You feel magically purged.
Your horns disappear.
Your talons disappear.
Your primal bloodlust has ended.
The orc priest hits you but does no damage.
The orc priest looks encouraged for a moment.
It was a potion of attraction.
You feel attractive to monsters. The orc priest barely misses you.
It was a potion of flight.
You feel very buoyant.
You fly up into the air.
The orc priest misses you.
The orc priest calls upon Beogh to heal the orc priest.
The orc priest's wounds heal themselves!
Casting: Wereblood (safe; 10% risk of failure)
Confirm with . or Enter, or press ? or * to list all spells.
You grow a pair of large bovine horns.
Your feet morph into talons.
The orc priest hits you with a +0 club.
Casting: Beastly Appendage (safe; 6% risk of failure)
Confirm with . or Enter, or press ? or * to list all spells.
Your blood is infused with primal strength.
The orc priest hits you with a +0 club.
The orc priest invokes the aid of Beogh against you.
Beogh smites you!
* * * LOW HITPOINT WARNING * * *
You closely miss the orc priest. Your kick misses the orc priest.
Your headbutt misses the orc priest. The orc priest hits you with a +0 club.
You die...

#.. #..# #..# #..#
#..# ######..#
........############
.$.......?..@oooo...
######.##########.#
#..# ##.## #(.###
##...# #.[>###
#.....# #...#.#


You could see 2 orc priests, an orc wizard (invisible) and an orc.

Vanquished Creatures
  4 adders
  A dart slug (D:2)
  3 ball pythons
  2 endoplasms (D:1)
  3 giant cockroaches
  7 goblins
  4 hobgoblins (D:1)
  A kobold (D:1)
  3 bats
  2 frilled lizards
  5 rats
35 creatures vanquished.

Notes
Turn   | Place    | Note
-------+----------+-------------------------------------------
     0 | D:1      | Lanoc the Vampire Transmuter began the quest for the Orb.
     0 | D:1      | Reached XP level 1. HP: 14/14 MP: 3/3
    82 | D:1      | Reached skill level 1 in Fighting
   241 | D:1      | Reached XP level 2. HP: 21/21 MP: 3/5
   362 | D:1      | Learned a level 2 spell: Wereblood
   557 | D:1      | Found Quinir's General Store.
  1403 | D:2      | Gained mutation: You are afflicted with vampirism and can
                  | become a bat while bloodless. [Vampire growth]
  1403 | D:2      | Reached XP level 3. HP: 26/26 MP: 6/6
  1572 | D:2      | Reached skill level 4 in Unarmed Combat
  2040 | D:3      | Reached XP level 4. HP: 22/29 MP: 7/7
  2061 | D:3      | HP: 1/29 [orc priest/divine providence (11)]
  2062 | D:3      | Slain by an orc priest

Illustrated notes

Levels and vault maps discovered:
D:1:      erik_arrival_cave_to_civilisation [erik_arrival_cave_to_hall],
          layout_basic, serial_shops, shop_statue, minivault_4
D:2:      layout_loops_ring, nrook_mini_backslash, minmay_cut_off
D:3:      layout_basic

Skill      XL: |  1  2  3 |
---------------+----------+-----
Fighting       | 1 |  1.7
Unarmed Combat | 4 |  4.3
Dodging        | |  2.9
Spellcasting   | |  2.0
Transmutations | |  2.9

Action                   |  1- 3 |  4- 6 || total
-------------------------+-------+-------++-------
Melee: Unarmed           |   103 |     2 ||   105
       Headbutt          |    11 |       ||    11
       Kick              |    12 |       ||    12
       Bite              |     7 |       ||     7
 Cast: Beastly Appendage |    20 |     2 ||    22
       Wereblood         |     4 |     2 ||     6
 Abil: Exsanguinate      |     2 |       ||     2
       Revivify          |     1 |       ||     1
  Use: Potion            |       |     5 ||     5
 Stab: Sleeping          |     1 |       ||     1
Armor: Robe              |    17 |     1 ||    18
Dodge: Dodged            |    61 |     3 ||    64

Table legend: (Time is in decaauts)
 A = Elapsed time spent in this place.
 B = Non-inter-level travel time spent in this place.
 C = Inter-level travel time spent in this place.
 D = Time resting spent in this place.
 E = Time spent auto-exploring this place.
 F = Levels seen in this place.
 G = Mean time per level.
                   A        B        C        D        E       F      G
               +--------+--------+--------+--------+--------+-----+--------+
         Total |   2053 |   2011 |     42 |      0 |   1722 |   3 |  684.3 |
       Dungeon |   2053 |   2011 |     42 |      0 |   1722 |   3 |  684.3 |
               +--------+--------+--------+--------+--------+-----+--------+

Top non-repeatable levels by time:
     D:1: 1189 daAuts
     D:2: 671 daAuts
     D:3: 192 daAuts
